Chicago Black Hawks vs Minnesota North Stars
Created - Monday, July 10, 2023 at 06:49
Goals
|
| Chicago Black Hawks |
1 |
0 |
1 |
2 |
| Minnesota North Stars |
1 |
0 |
3 |
4 |
|
Shots
|
| Chicago Black Hawks |
14 |
3 |
9 |
26 |
| Minnesota North Stars |
9 |
3 |
14 |
26 |
|
1st period
1. Chicago Black Hawks , Chris Kreider 3 (Steven Stamkos 9, Brent Burns 2) at 1:57 (PP)
2. Minnesota North Stars , Anthony Duclair 5 (Jack Hughes 5) at 6:05 (PP)
Penalties :
Alex Goligoski (MNS) for Tripping (Minor) at 1:39, Nicolas Hague (CHI) for Roughing (Minor) at 6:04, Frank Vatrano (MNS) for Slashing (Minor) at 8:19, Yegor Sharangovich (MNS) for Holding (Minor) at 13:44, Nikolaj Ehlers (CHI) for Hooking (Minor) at 16:17
2nd period
No Goal
Penalties :
Phillip Danault (CHI) for High sticking (Minor) at 5:28
3rd period
3. Chicago Black Hawks , Lawson Crouse 2 (Nicolas Hague 3, Pius Suter 2) at 10:34
4. Minnesota North Stars , Rasmus Dahlin 1 (Jonathan Toews 4, Viktor Arvidsson 4) at 15:13 (PP)
5. Minnesota North Stars , Viktor Arvidsson 5 (Jonathan Toews 5, Rasmus Dahlin 6) at 16:11
6. Minnesota North Stars , Gustav Nyquist 1 (Neal Pionk 1, Nino Niederreiter 4) at 16:27
Penalties :
Adam Lowry (MNS) for Holding (Minor) at 1:01, Matt Duchene (CHI) for Cross-checking (Minor) at 4:33, Matt Duchene (CHI) for Hooking (Minor) at 15:04
Goalie Stats
Ilya Sorokin (CHI), 22 saves from 26 shots - (0.846), L, 5-3-1, 60:00 minutes
Brian Elliott (MNS), 24 saves from 26 shots - (0.923), W, 6-3-1, 60:00 minutes
Players Stats for Chicago Black Hawks
Player Name G A P +/- PIM S H SB GA TA FO MP PP MP PK MP
------------------------------------------------------------------------------------
Bo Horvat 0 0 0 0 0 1 0 1 1 0 3/7 17:37 3:08 2:49
Brent Burns 0 1 1 0 0 0 2 0 0 2 0/0 22:50 3:02 2:19
Bryan Rust 0 0 0 -1 0 2 2 0 0 1 0/1 14:40 0:00 0:52
Caleb Jones 0 0 0 -2 0 2 1 1 0 1 0/0 13:38 0:00 0:34
Chris Kreider 1 0 1 0 0 1 1 0 0 0 1/3 18:51 3:07 3:09
Lawson Crouse 1 0 1 0 0 1 0 0 1 0 0/0 10:57 0:00 0:30
Matt Duchene 0 0 0 0 4 1 0 0 1 0 1/1 17:31 3:07 1:50
Matthew Tkachuk 0 0 0 0 0 4 1 0 1 0 0/0 15:20 3:08 0:00
Mikhail Sergachev 0 0 0 1 0 0 1 0 0 1 0/0 22:34 3:13 3:06
Nicolas Hague 0 1 1 1 2 1 2 0 0 0 0/0 22:15 3:13 3:03
Nikolaj Ehlers 0 0 0 0 2 1 1 0 2 0 0/1 10:26 0:00 0:00
Philippe Myers 0 0 0 -2 0 0 0 1 0 0 0/0 13:39 0:00 0:53
Phillip Danault 0 0 0 -1 2 3 0 1 0 1 2/6 13:23 0:00 0:00
Pius Suter 0 1 1 0 0 2 0 1 0 0 1/1 10:19 0:00 0:16
Rasmus Andersson 0 0 0 0 0 0 1 0 0 2 0/0 22:44 3:02 2:19
Steven Stamkos 0 1 1 0 0 1 3 0 0 0 13/24 18:23 3:07 2:48
Travis Konecny 0 0 0 0 0 5 1 0 1 2 1/3 15:07 3:05 0:00
Vladimir Tarasenko 0 0 0 -1 0 1 0 0 0 0 1/1 13:34 0:03 0:00
Players Stats for Minnesota North Stars
Player Name G A P +/- PIM S H SB GA TA FO MP PP MP PK MP
------------------------------------------------------------------------------------
Adam Lowry 0 0 0 0 2 0 1 0 0 0 8/13 15:13 0:56 1:58
Alex Goligoski 0 0 0 0 2 0 0 0 0 0 0/0 13:36 0:47 0:00
Andrew Poturalski 0 0 0 0 0 0 0 0 1 0 1/2 8:32 0:12 0:00
Anthony Duclair 1 0 1 0 0 2 2 0 1 0 0/1 15:54 3:07 0:00
Conor Sheary 0 0 0 0 0 0 2 0 0 0 0/0 8:39 0:08 0:00
Frank Vatrano 0 0 0 0 2 0 0 0 0 0 0/0 9:35 0:58 0:00
Gustav Forsling 0 0 0 0 0 2 1 2 0 1 0/0 20:22 2:58 3:14
Gustav Nyquist 1 0 1 0 0 4 4 1 0 1 0/0 17:10 1:18 3:16
Jack Hughes 0 1 1 0 0 1 2 0 0 0 8/15 16:59 3:06 0:59
Jeff Skinner 0 0 0 0 0 1 0 1 1 0 0/0 17:56 3:01 1:31
Jonathan Toews 0 2 2 1 0 2 3 2 3 0 8/15 18:47 1:53 2:34
Neal Pionk 0 1 1 0 0 0 1 1 0 0 0/0 16:00 2:58 0:00
Nick Holden 0 0 0 0 0 0 1 1 0 2 0/0 16:56 0:47 3:14
Nino Niederreiter 0 1 1 0 0 3 0 0 0 0 0/0 12:01 0:08 0:00
Rasmus Dahlin 1 1 2 1 0 5 1 0 3 0 0/0 25:36 2:22 3:01
Viktor Arvidsson 1 1 2 1 0 5 1 0 0 0 0/0 15:53 1:53 0:00
Yegor Sharangovich 0 0 0 1 2 1 3 0 1 1 0/2 19:12 1:41 2:12
Zdeno Chara 0 0 0 1 0 0 2 3 0 2 0/0 25:20 2:22 3:01
3 Stars
1 - Rasmus Dahlin (MNS)
2 - Viktor Arvidsson (MNS)
3 - Jonathan Toews (MNS)
Power Play
Chicago Black Hawks - 1 on 4 Attempt(s) - 25.00%
Minnesota North Stars - 2 on 5 Attempt(s) - 40.00%
Penalty Kill
Chicago Black Hawks - 3 on 5 Attempt(s) - 60.00%
- Score 0 goal in Penalty Kill
Minnesota North Stars - 3 on 4 Attempt(s) - 75.00%
- Score 0 goal in Penalty Kill
Team Stat
Chicago Black Hawks - Hits : 16 - Faceoff Wins : 23 - Blocked Shots : 5 - Penalty Minutes : 10
Minnesota North Stars - Hits : 24 - Faceoff Wins : 25 - Blocked Shots : 11 - Penalty Minutes : 8
Official
Referees : Jean Hebert and Justin StPierre
Linesman : Shane Heyer and Don Henderson
Game Notes
No Game Note
Finance
Level 1 -- Attendance: 6000 (100.00%) -- Ticket Income $600,000
Level 2 -- Attendance: 5000 (100.00%) -- Ticket Income $300,000
Level 3 -- Attendance: 2954 (98.47%) -- Ticket Income $103,390
Level 4 -- Attendance: 4808 (96.16%) -- Ticket Income $120,200
Luxury Box -- Attendance: 954 (95.40%) -- Ticket Income $190,800
Game was played at the Met Center.
Total Attendance: 19716 (98.58%)
Total Ticket Income: $1,314,390
Other Income: $460,036
Total Income: $1,774,426
Chicago Black Hawks
5 vs 5 Forward
Center Left Wing Right Wing Time % Phy DF OF
1 Steven Stamkos Chris Kreider Matt Duchene 30 1 2 2
2 Bo Horvat Travis Konecny Matthew Tkachuk 30 1 2 2
3 Phillip Danault Bryan Rust Vladimir Tarasenko 25 1 2 2
4 Pius Suter Lawson Crouse Nikolaj Ehlers 15 1 2 2
5 vs 5 Defense
Defense Defense Time % Phy DF OF
1 Brent Burns Rasmus Andersson 35 1 2 2
2 Mikhail Sergachev Nicolas Hague 35 1 2 2
3 Caleb Jones Philippe Myers 30 1 2 2
4 Brent Burns Rasmus Andersson 0 1 2 2
PowerPlay Forward
Center Left Wing Right Wing Time % Phy DF OF
1 Steven Stamkos Chris Kreider Matt Duchene 50 1 2 2
2 Bo Horvat Travis Konecny Matthew Tkachuk 50 1 2 2
PowerPlay Defense
Defense Defense Time % Phy DF OF
1 Brent Burns Rasmus Andersson 50 1 2 2
2 Mikhail Sergachev Nicolas Hague 50 1 2 2
Penalty Kill 4 Players Forward
Center Wing Time % Phy DF OF
1 Steven Stamkos Chris Kreider 50 1 2 2
2 Bo Horvat Matt Duchene 50 1 2 2
Penalty Kill 4 Players Defense
Defense Defense Time % Phy DF OF
1 Brent Burns Rasmus Andersson 50 1 2 2
2 Mikhail Sergachev Nicolas Hague 50 1 2 2
Penalty Kill - 3 Players Forward
Forward Time % Phy DF OF
1 Steven Stamkos 50 1 2 2
2 Chris Kreider 50 1 2 2
Penalty Kill - 3 Players Defense
Defense Defense Time % Phy DF OF
1 Brent Burns Rasmus Andersson 50 1 2 2
2 Mikhail Sergachev Nicolas Hague 50 1 2 2
4 vs 4 Forward
Center Wing Time % Phy DF OF
1 Steven Stamkos Chris Kreider 50 1 2 2
2 Bo Horvat Matt Duchene 50 1 2 2
4 vs 4 Defense
Defense Defense Time % Phy DF OF
1 Brent Burns Rasmus Andersson 50 1 2 2
2 Mikhail Sergachev Nicolas Hague 50 1 2 2
Last Minutes Offensive
Center Left Wing Right Wing Defense Defense
Steven Stamkos Chris Kreider Matt Duchene Brent Burns Rasmus Andersson
Last Minutes Defensive
Center Left Wing Right Wing Defense Defense
Steven Stamkos Chris Kreider Matt Duchene Brent Burns Rasmus Andersson
Goaltenders
Starting : Ilya Sorokin
Backup : Jordan Binnington
Extra Forwards
Normal : Vladimir Tarasenko, Phillip Danault, Bryan Rust - PP : Vladimir Tarasenko, Phillip Danault - PK : Bryan Rust
Extra Defensemen
Normal : Caleb Jones, Philippe Myers, Mikhail Sergachev - PP : Caleb Jones - PK : Philippe Myers, Mikhail Sergachev
Penalty Shots
Steven Stamkos, Chris Kreider, Bo Horvat, Matt Duchene, Matthew Tkachuk
Minnesota North Stars
5 vs 5 Forward
Center Left Wing Right Wing Time % Phy DF OF
1 Jack Hughes Jeff Skinner Anthony Duclair 33 1 2 2
2 Jonathan Toews Yegor Sharangovich Viktor Arvidsson 32 1 2 2
3 Adam Lowry Nino Niederreiter Gustav Nyquist 25 1 2 2
4 Andrew Poturalski Conor Sheary Frank Vatrano 10 1 2 2
5 vs 5 Defense
Defense Defense Time % Phy DF OF
1 Rasmus Dahlin Zdeno Chara 30 1 2 2
2 Neal Pionk Gustav Forsling 30 1 2 2
3 Alex Goligoski Nick Holden 25 1 2 2
4 Rasmus Dahlin Zdeno Chara 15 1 2 2
PowerPlay Forward
Center Left Wing Right Wing Time % Phy DF OF
1 Jack Hughes Jeff Skinner Anthony Duclair 50 1 2 2
2 Jonathan Toews Yegor Sharangovich Viktor Arvidsson 50 1 2 2
PowerPlay Defense
Defense Defense Time % Phy DF OF
1 Rasmus Dahlin Zdeno Chara 50 1 2 2
2 Neal Pionk Gustav Forsling 50 1 2 2
Penalty Kill 4 Players Forward
Center Wing Time % Phy DF OF
1 Adam Lowry Gustav Nyquist 50 1 2 2
2 Jonathan Toews Yegor Sharangovich 50 1 2 2
Penalty Kill 4 Players Defense
Defense Defense Time % Phy DF OF
1 Rasmus Dahlin Zdeno Chara 50 1 2 2
2 Gustav Forsling Nick Holden 50 1 2 2
Penalty Kill - 3 Players Forward
Forward Time % Phy DF OF
1 Jonathan Toews 50 1 2 2
2 Adam Lowry 50 1 2 2
Penalty Kill - 3 Players Defense
Defense Defense Time % Phy DF OF
1 Rasmus Dahlin Zdeno Chara 50 1 2 2
2 Gustav Forsling Nick Holden 50 1 2 2
4 vs 4 Forward
Center Wing Time % Phy DF OF
1 Jack Hughes Jeff Skinner 50 1 2 2
2 Anthony Duclair Jonathan Toews 50 1 2 2
4 vs 4 Defense
Defense Defense Time % Phy DF OF
1 Rasmus Dahlin Zdeno Chara 50 1 2 2
2 Neal Pionk Gustav Forsling 50 1 2 2
Last Minutes Offensive
Center Left Wing Right Wing Defense Defense
Jonathan Toews Jeff Skinner Jack Hughes Rasmus Dahlin Neal Pionk
Last Minutes Defensive
Center Left Wing Right Wing Defense Defense
Jonathan Toews Adam Lowry Gustav Nyquist Rasmus Dahlin Gustav Forsling
Goaltenders
Starting : Brian Elliott
Backup : Antti Raanta
Extra Forwards
Normal : Anthony Duclair, Jeff Skinner, Yegor Sharangovich - PP : Jack Hughes, Anthony Duclair - PK : Gustav Nyquist
Extra Defensemen
Normal : Alex Goligoski, Gustav Forsling, Neal Pionk - PP : Alex Goligoski - PK : Gustav Forsling, Neal Pionk
Penalty Shots
Jack Hughes, Jeff Skinner, Anthony Duclair, Yegor Sharangovich, Viktor Arvidsson
% Time on Ice - Chicago Black Hawks
Lines # - Real PCT - Wanted PCT - Time Play
Normal Forward
1 - 27% - 30% - 12:38
2 - 26% - 30% - 12:27
3 - 28% - 25% - 13:22
4 - 19% - 15% - 9:11
Normal Defense
1 - 35% - 35% - 16:34
2 - 36% - 35% - 17:06
3 - 29% - 30% - 13:58
4 - 0% - 0% - 0:00
PP Forward
1 - 50% - 50% - 3:07
2 - 50% - 50% - 3:08
PP Defense
1 - 49% - 50% - 3:02
2 - 51% - 50% - 3:13
PK Forward
1 - 46% - 50% - 2:48
2 - 54% - 50% - 3:19
PK Defense
1 - 38% - 50% - 2:19
2 - 62% - 50% - 3:48
PK3 Forward
1 - 0% - 50%
2 - 0% - 50%
PK3 Defense
1 - 0% - 50%
2 - 0% - 50%
44 Forward
1 - 0% - 50%
2 - 0% - 50%
44 Defense
1 - 0% - 50%
2 - 0% - 50%
Last Minute Offensive - 0:00
Last Minute Defensive - 0:00
Total
Forward - 60:00
Defense - 60:00
|
% Time on Ice - Minnesota North Stars
Lines # - Real PCT - Wanted PCT - Time Play
Normal Forward
1 - 34% - 33% - 16:05
2 - 28% - 32% - 13:20
3 - 24% - 25% - 11:37
4 - 14% - 10% - 6:36
Normal Defense
1 - 32% - 30% - 15:08
2 - 31% - 30% - 14:52
3 - 25% - 25% - 11:56
4 - 12% - 15% - 5:42
PP Forward
1 - 66% - 50% - 4:03
2 - 34% - 50% - 2:04
PP Defense
1 - 39% - 50% - 2:22
2 - 61% - 50% - 3:45
PK Forward
1 - 56% - 50% - 3:31
2 - 44% - 50% - 2:44
PK Defense
1 - 48% - 50% - 3:01
2 - 52% - 50% - 3:14
PK3 Forward
1 - 0% - 50%
2 - 0% - 50%
PK3 Defense
1 - 0% - 50%
2 - 0% - 50%
44 Forward
1 - 0% - 50%
2 - 0% - 50%
44 Defense
1 - 0% - 50%
2 - 0% - 50%
Last Minute Offensive - 0:00
Last Minute Defensive - 0:00
Total
Forward - 60:00
Defense - 60:00
|
Play-by-Play
1st period
0:01 of 1st period - Jack Hughes wins face-off versus Steven Stamkos in neutral zone.
0:50 of 1st period - Snap shot by Lawson Crouse.
0:50 of 1st period - Shot Misses the Net.
0:52 of 1st period - Snap shot by Nikolaj Ehlers.
0:52 of 1st period - Shot Misses the Net.
0:54 of 1st period - Wrist shot by Lawson Crouse.
0:54 of 1st period - Deflect By Nikolaj Ehlers.
0:54 of 1st period - Shot Blocked by Zdeno Chara.
0:54 of 1st period - Puck is out of play.
0:55 of 1st period - Andrew Poturalski wins face-off versus Phillip Danault in Minnesota North Stars zone.
1:10 of 1st period - Slapshot by Bryan Rust.
1:10 of 1st period - Stopped by Brian Elliott with a rebound.
1:12 of 1st period - Wrist shot by Phillip Danault.
1:12 of 1st period - Stopped by Brian Elliott without a rebound.
1:13 of 1st period - Steven Stamkos wins face-off versus Adam Lowry in Minnesota North Stars zone.
1:30 of 1st period - Matt Duchene is hit by Adam Lowry and loses puck.
1:39 of 1st period - Minor Penalty to Alex Goligoski for Tripping.
1:40 of 1st period - Jonathan Toews wins face-off versus Steven Stamkos in Minnesota North Stars zone.
1:57 of 1st period - Snap shot by Chris Kreider.
1:57 of 1st period - Goal by Chris Kreider - Chicago Black Hawks : 1 - Minnesota North Stars : 0.
1:58 of 1st period - Bo Horvat wins face-off versus Jack Hughes in neutral zone.
2:32 of 1st period - Wrist shot by Phillip Danault.
2:32 of 1st period - Deflect By Bryan Rust.
2:32 of 1st period - Stopped by Brian Elliott with a rebound.
4:21 of 1st period - Slapshot by Gustav Nyquist.
4:21 of 1st period - Stopped by Ilya Sorokin without a rebound.
4:22 of 1st period - Jonathan Toews wins face-off versus Travis Konecny in Chicago Black Hawks zone.
4:35 of 1st period - Snap shot by Travis Konecny.
4:35 of 1st period - Stopped by Brian Elliott without a rebound.
4:36 of 1st period - Jack Hughes wins face-off versus Steven Stamkos in Minnesota North Stars zone.
4:49 of 1st period - Wrist shot by Matt Duchene.
4:49 of 1st period - Deflect By Steven Stamkos.
4:49 of 1st period - Stopped by Brian Elliott with a rebound.
4:51 of 1st period - Slapshot by Philippe Myers.
4:51 of 1st period - Shot Blocked by Jeff Skinner.
4:53 of 1st period - Slapshot by Caleb Jones.
4:53 of 1st period - Stopped by Brian Elliott with a rebound.
5:41 of 1st period - Bryan Rust is hit by Gustav Nyquist and loses puck.
6:04 of 1st period - Minor Penalty to Nicolas Hague for Roughing.
6:05 of 1st period - Jack Hughes wins face-off versus Steven Stamkos in Chicago Black Hawks zone.
6:05 of 1st period - Wrist shot by Anthony Duclair.
6:05 of 1st period - Goal by Anthony Duclair - Chicago Black Hawks : 1 - Minnesota North Stars : 1.
6:06 of 1st period - Steven Stamkos wins face-off versus Jack Hughes in neutral zone.
6:11 of 1st period - Snap shot by Steven Stamkos.
6:11 of 1st period - Shot Misses the Net.
7:25 of 1st period - Backhand shot by Nino Niederreiter.
7:25 of 1st period - Shot Blocked by Pius Suter.
7:27 of 1st period - Slapshot by Gustav Nyquist.
7:27 of 1st period - Deflect By Nino Niederreiter.
7:27 of 1st period - Stopped by Ilya Sorokin without a rebound.
7:28 of 1st period - Jack Hughes wins face-off versus Steven Stamkos in Chicago Black Hawks zone.
7:55 of 1st period - Jonathan Toews is hit by Mikhail Sergachev and loses puck.
8:00 of 1st period - Snap shot by Travis Konecny.
8:00 of 1st period - Stopped by Brian Elliott with a rebound.
8:19 of 1st period - Minor Penalty to Frank Vatrano for Slashing.
8:20 of 1st period - Bo Horvat wins face-off versus Jonathan Toews in Minnesota North Stars zone.
8:36 of 1st period - Snap shot by Matthew Tkachuk.
8:36 of 1st period - Stopped by Brian Elliott with a rebound.
9:20 of 1st period - Icing by Brent Burns.
9:21 of 1st period - Adam Lowry wins face-off versus Chris Kreider in Chicago Black Hawks zone.
10:19 of 1st period - Penalty to Frank Vatrano is over, Frank Vatrano is back on ice.
10:50 of 1st period - Slapshot by Vladimir Tarasenko.
10:50 of 1st period - Shot Misses the Net.
10:52 of 1st period - Slapshot by Nicolas Hague.
10:52 of 1st period - Shot Blocked by Gustav Forsling.
10:54 of 1st period - Slapshot by Phillip Danault.
10:54 of 1st period - Stopped by Brian Elliott with a rebound.
11:10 of 1st period - Snap shot by Nikolaj Ehlers.
11:10 of 1st period - Stopped by Brian Elliott with a rebound.
11:19 of 1st period - Slapshot by Caleb Jones.
11:19 of 1st period - Stopped by Brian Elliott without a rebound.
11:20 of 1st period - Bo Horvat wins face-off versus Jonathan Toews in Minnesota North Stars zone.
11:35 of 1st period - Slapshot by Travis Konecny.
11:35 of 1st period - Shot Blocked by Nick Holden.
12:09 of 1st period - Off-side.
12:10 of 1st period - Vladimir Tarasenko wins face-off versus Adam Lowry in neutral zone.
12:14 of 1st period - Off-side.
12:15 of 1st period - Jonathan Toews wins face-off versus Travis Konecny in neutral zone.
12:46 of 1st period - Snap shot by Gustav Nyquist.
12:46 of 1st period - Shot Blocked by Bo Horvat.
12:55 of 1st period - Off-side.
12:56 of 1st period - Steven Stamkos wins face-off versus Jack Hughes in neutral zone.
13:07 of 1st period - Snap shot by Jeff Skinner.
13:07 of 1st period - Deflect By Jack Hughes.
13:07 of 1st period - Stopped by Ilya Sorokin with a rebound.
13:09 of 1st period - Slapshot by Rasmus Dahlin.
13:09 of 1st period - Deflect By Chris Kreider.
13:09 of 1st period - Stopped by Ilya Sorokin with a rebound.
13:11 of 1st period - Wrist shot by Jeff Skinner.
13:11 of 1st period - Stopped by Ilya Sorokin with a rebound.
13:13 of 1st period - Snap shot by Rasmus Dahlin.
13:13 of 1st period - Stopped by Ilya Sorokin with a rebound.
13:20 of 1st period - Icing by Nicolas Hague.
13:21 of 1st period - Steven Stamkos wins face-off versus Jonathan Toews in Chicago Black Hawks zone.
13:28 of 1st period - Backhand shot by Vladimir Tarasenko.
13:28 of 1st period - Stopped by Brian Elliott with a rebound.
13:30 of 1st period - Slapshot by Mikhail Sergachev.
13:30 of 1st period - Shot Blocked by Neal Pionk.
13:32 of 1st period - Slapshot by Nicolas Hague.
13:32 of 1st period - Deflect By Phillip Danault.
13:32 of 1st period - Stopped by Brian Elliott with a rebound.
13:44 of 1st period - Minor Penalty to Yegor Sharangovich for Holding.
13:45 of 1st period - Jonathan Toews wins face-off versus Steven Stamkos in Minnesota North Stars zone.
13:59 of 1st period - Off-side.
14:00 of 1st period - Adam Lowry wins face-off versus Bo Horvat in neutral zone.
14:03 of 1st period - Snap shot by Adam Lowry.
14:03 of 1st period - Shot Misses the Net.
14:25 of 1st period - Brent Burns is hit by Jonathan Toews and loses puck.
15:44 of 1st period - Penalty to Yegor Sharangovich is over, Yegor Sharangovich is back on ice.
15:57 of 1st period - Snap shot by Jonathan Toews.
15:57 of 1st period - Stopped by Ilya Sorokin with a rebound.
16:15 of 1st period - Snap shot by Frank Vatrano.
16:15 of 1st period - Shot Blocked by Caleb Jones.
16:17 of 1st period - Minor Penalty to Nikolaj Ehlers for Hooking.
16:18 of 1st period - Jack Hughes wins face-off versus Steven Stamkos in Chicago Black Hawks zone.
16:21 of 1st period - Wrist shot by Anthony Duclair.
16:21 of 1st period - Shot Misses the Net.
16:23 of 1st period - Slapshot by Rasmus Dahlin.
16:23 of 1st period - Stopped by Ilya Sorokin without a rebound.
16:24 of 1st period - Jack Hughes wins face-off versus Steven Stamkos in Chicago Black Hawks zone.
17:03 of 1st period - Bo Horvat is hit by Zdeno Chara and loses puck.
17:49 of 1st period - Bo Horvat is hit by Yegor Sharangovich and loses puck.
18:17 of 1st period - Penalty to Nikolaj Ehlers is over, Nikolaj Ehlers is back on ice.
18:20 of 1st period - Lawson Crouse is hit by Gustav Nyquist and loses puck.
18:31 of 1st period - Nikolaj Ehlers is hit by Zdeno Chara and loses puck.
Goals for this period are 1 for Chicago Black Hawks vs 1 for Minnesota North Stars.
Shots for this period are 14 for Chicago Black Hawks vs 9 for Minnesota North Stars.
2nd period
0:01 of 2nd period - Jack Hughes wins face-off versus Chris Kreider in neutral zone.
0:35 of 2nd period - Snap shot by Travis Konecny.
0:35 of 2nd period - Stopped by Brian Elliott with a rebound.
0:37 of 2nd period - Snap shot by Travis Konecny.
0:37 of 2nd period - Stopped by Brian Elliott with a rebound.
0:39 of 2nd period - Snap shot by Bo Horvat.
0:39 of 2nd period - Stopped by Brian Elliott with a rebound.
0:55 of 2nd period - Wrist shot by Nino Niederreiter.
0:55 of 2nd period - Stopped by Ilya Sorokin without a rebound.
0:56 of 2nd period - Steven Stamkos wins face-off versus Anthony Duclair in Chicago Black Hawks zone.
1:23 of 2nd period - Steven Stamkos is hit by Gustav Forsling and loses puck.
1:28 of 2nd period - Snap shot by Viktor Arvidsson.
1:28 of 2nd period - Stopped by Ilya Sorokin without a rebound.
1:29 of 2nd period - Jonathan Toews wins face-off versus Bo Horvat in Chicago Black Hawks zone.
2:11 of 2nd period - Snap shot by Jonathan Toews.
2:11 of 2nd period - Shot Misses the Net.
2:17 of 2nd period - Phillip Danault is hit by Yegor Sharangovich and loses puck.
3:28 of 2nd period - Slapshot by Rasmus Dahlin.
3:28 of 2nd period - Stopped by Ilya Sorokin with a rebound.
3:42 of 2nd period - Wrist shot by Bryan Rust.
3:42 of 2nd period - Shot Misses the Net.
3:50 of 2nd period - Slapshot by Rasmus Dahlin.
3:50 of 2nd period - Shot Blocked by Phillip Danault.
4:18 of 2nd period - Wrist shot by Vladimir Tarasenko.
4:18 of 2nd period - Shot Blocked by Zdeno Chara.
4:20 of 2nd period - Snap shot by Vladimir Tarasenko.
4:20 of 2nd period - Shot Blocked by Jonathan Toews.
4:32 of 2nd period - Viktor Arvidsson is hit by Bryan Rust and loses puck.
5:17 of 2nd period - Vladimir Tarasenko is hit by Jonathan Toews and loses puck.
5:28 of 2nd period - Minor Penalty to Phillip Danault for High sticking.
5:29 of 2nd period - Matt Duchene wins face-off versus Jack Hughes in Chicago Black Hawks zone.
5:47 of 2nd period - Chris Kreider is hit by Anthony Duclair and loses puck.
7:28 of 2nd period - Penalty to Phillip Danault is over, Phillip Danault is back on ice.
7:33 of 2nd period - Conor Sheary is hit by Matthew Tkachuk and loses puck.
8:04 of 2nd period - Pius Suter is hit by Conor Sheary and loses puck.
8:27 of 2nd period - Chris Kreider is hit by Gustav Nyquist and loses puck.
9:05 of 2nd period - Andrew Poturalski is hit by Travis Konecny and loses puck.
9:24 of 2nd period - Nicolas Hague is hit by Gustav Nyquist and loses puck.
12:25 of 2nd period - Rasmus Dahlin is hit by Bryan Rust and loses puck.
13:20 of 2nd period - Phillip Danault is hit by Yegor Sharangovich and loses puck.
16:37 of 2nd period - Icing by Neal Pionk.
16:38 of 2nd period - Phillip Danault wins face-off versus Adam Lowry in Minnesota North Stars zone.
17:01 of 2nd period - Gustav Nyquist is hit by Chris Kreider and loses puck.
Goals for this period are 0 for Chicago Black Hawks vs 0 for Minnesota North Stars.
Shots for this period are 3 for Chicago Black Hawks vs 3 for Minnesota North Stars.
3rd period
0:01 of 3rd period - Steven Stamkos wins face-off versus Jonathan Toews in neutral zone.
0:08 of 3rd period - Slapshot by Viktor Arvidsson.
0:08 of 3rd period - Stopped by Ilya Sorokin without a rebound.
0:09 of 3rd period - Steven Stamkos wins face-off versus Jonathan Toews in Chicago Black Hawks zone.
0:41 of 3rd period - Snap shot by Matt Duchene.
0:41 of 3rd period - Stopped by Brian Elliott without a rebound.
0:42 of 3rd period - Adam Lowry wins face-off versus Bo Horvat in Minnesota North Stars zone.
0:59 of 3rd period - Slapshot by Matthew Tkachuk.
0:59 of 3rd period - Stopped by Brian Elliott with a rebound.
1:01 of 3rd period - Minor Penalty to Adam Lowry for Holding.
1:02 of 3rd period - Steven Stamkos wins face-off versus Yegor Sharangovich in Minnesota North Stars zone.
3:01 of 3rd period - Penalty to Adam Lowry is over, Adam Lowry is back on ice.
3:12 of 3rd period - Alex Goligoski is hit by Brent Burns.
3:16 of 3rd period - Adam Lowry is hit by Caleb Jones and loses puck.
3:34 of 3rd period - Philippe Myers is hit by Conor Sheary.
3:38 of 3rd period - Snap shot by Conor Sheary.
3:38 of 3rd period - Deflect By Lawson Crouse.
3:38 of 3rd period - Shot Misses the Net.
3:38 of 3rd period - Puck is out of play.
3:39 of 3rd period - Pius Suter wins face-off versus Andrew Poturalski in Chicago Black Hawks zone.
4:27 of 3rd period - Jeff Skinner is hit by Steven Stamkos and loses puck.
4:33 of 3rd period - Minor Penalty to Matt Duchene for Cross-checking.
4:34 of 3rd period - Jonathan Toews wins face-off versus Bryan Rust in Chicago Black Hawks zone.
5:00 of 3rd period - Rasmus Andersson is hit by Jack Hughes and loses puck.
5:35 of 3rd period - Chris Kreider is hit by Neal Pionk and loses puck.
5:58 of 3rd period - Rasmus Dahlin is hit by Brent Burns and loses puck.
6:33 of 3rd period - Penalty to Matt Duchene is over, Matt Duchene is back on ice.
7:49 of 3rd period - Philippe Myers is hit by Jack Hughes and loses puck.
7:58 of 3rd period - Gustav Nyquist is hit by Nikolaj Ehlers and loses puck.
8:13 of 3rd period - Rasmus Andersson is hit by Viktor Arvidsson and loses puck.
8:24 of 3rd period - Jack Hughes is hit by Steven Stamkos and loses puck.
9:26 of 3rd period - Phillip Danault is hit by Jonathan Toews and loses puck.
9:39 of 3rd period - Snap shot by Phillip Danault.
9:39 of 3rd period - Shot Blocked by Zdeno Chara.
9:42 of 3rd period - Icing by Zdeno Chara.
9:43 of 3rd period - Chris Kreider wins face-off versus Jack Hughes in Minnesota North Stars zone.
10:28 of 3rd period - Wrist shot by Nikolaj Ehlers.
10:28 of 3rd period - Deflect By Pius Suter.
10:28 of 3rd period - Stopped by Brian Elliott with a rebound.
10:30 of 3rd period - Slapshot by Nicolas Hague.
10:30 of 3rd period - Shot Blocked by Gustav Nyquist.
10:32 of 3rd period - Snap shot by Nicolas Hague.
10:32 of 3rd period - Stopped by Brian Elliott with a rebound.
10:34 of 3rd period - Wrist shot by Lawson Crouse.
10:34 of 3rd period - Goal by Lawson Crouse - Chicago Black Hawks : 2 - Minnesota North Stars : 1.
10:35 of 3rd period - Steven Stamkos wins face-off versus Jonathan Toews in neutral zone.
10:43 of 3rd period - Yegor Sharangovich is hit by Steven Stamkos.
11:28 of 3rd period - Snap shot by Gustav Nyquist.
11:28 of 3rd period - Stopped by Ilya Sorokin without a rebound.
11:29 of 3rd period - Steven Stamkos wins face-off versus Adam Lowry in Chicago Black Hawks zone.
11:50 of 3rd period - Snap shot by Gustav Nyquist.
11:50 of 3rd period - Stopped by Ilya Sorokin without a rebound.
11:51 of 3rd period - Jonathan Toews wins face-off versus Bo Horvat in Chicago Black Hawks zone.
11:54 of 3rd period - Wrist shot by Viktor Arvidsson.
11:54 of 3rd period - Stopped by Ilya Sorokin without a rebound.
11:55 of 3rd period - Travis Konecny wins face-off versus Yegor Sharangovich in Chicago Black Hawks zone.
12:20 of 3rd period - Wrist shot by Matthew Tkachuk.
12:20 of 3rd period - Stopped by Brian Elliott without a rebound.
12:21 of 3rd period - Jack Hughes wins face-off versus Steven Stamkos in Minnesota North Stars zone.
12:27 of 3rd period - Icing by Jack Hughes.
12:28 of 3rd period - Steven Stamkos wins face-off versus Jack Hughes in Minnesota North Stars zone.
13:02 of 3rd period - Travis Konecny is hit by Anthony Duclair and loses puck.
13:20 of 3rd period - Icing by Nick Holden.
13:21 of 3rd period - Steven Stamkos wins face-off versus Jack Hughes in Minnesota North Stars zone.
13:54 of 3rd period - Snap shot by Anthony Duclair.
13:54 of 3rd period - Stopped by Ilya Sorokin without a rebound.
13:55 of 3rd period - Jonathan Toews wins face-off versus Nikolaj Ehlers in Chicago Black Hawks zone.
14:00 of 3rd period - Wrist shot by Viktor Arvidsson.
14:00 of 3rd period - Shot Hit the Post.
14:15 of 3rd period - Wrist shot by Nikolaj Ehlers.
14:15 of 3rd period - Shot Misses the Net.
14:41 of 3rd period - Slapshot by Viktor Arvidsson.
14:41 of 3rd period - Stopped by Ilya Sorokin with a rebound.
14:43 of 3rd period - Snap shot by Jonathan Toews.
14:43 of 3rd period - Stopped by Ilya Sorokin with a rebound.
14:45 of 3rd period - Wrist shot by Yegor Sharangovich.
14:45 of 3rd period - Deflect By Lawson Crouse.
14:45 of 3rd period - Stopped by Ilya Sorokin without a rebound.
14:46 of 3rd period - Adam Lowry wins face-off versus Steven Stamkos in Chicago Black Hawks zone.
14:51 of 3rd period - Snap shot by Nino Niederreiter.
14:51 of 3rd period - Shot Misses the Net.
14:53 of 3rd period - Snap shot by Gustav Forsling.
14:53 of 3rd period - Stopped by Ilya Sorokin with a rebound.
14:55 of 3rd period - Snap shot by Nino Niederreiter.
14:55 of 3rd period - Stopped by Ilya Sorokin with a rebound.
14:57 of 3rd period - Wrist shot by Gustav Forsling.
14:57 of 3rd period - Stopped by Ilya Sorokin without a rebound.
14:58 of 3rd period - Adam Lowry wins face-off versus Steven Stamkos in Chicago Black Hawks zone.
15:04 of 3rd period - Minor Penalty to Matt Duchene for Hooking.
15:05 of 3rd period - Steven Stamkos wins face-off versus Jonathan Toews in Chicago Black Hawks zone.
15:11 of 3rd period - Wrist shot by Jonathan Toews.
15:11 of 3rd period - Shot Misses the Net.
15:13 of 3rd period - Slapshot by Rasmus Dahlin.
15:13 of 3rd period - Goal by Rasmus Dahlin - Chicago Black Hawks : 2 - Minnesota North Stars : 2.
15:14 of 3rd period - Adam Lowry wins face-off versus Phillip Danault in neutral zone.
15:25 of 3rd period - Gustav Nyquist is hit by Nicolas Hague and loses puck.
15:50 of 3rd period - Chris Kreider is hit by Rasmus Dahlin and loses puck.
16:09 of 3rd period - Snap shot by Jonathan Toews.
16:09 of 3rd period - Shot Blocked by Philippe Myers.
16:11 of 3rd period - Backhand shot by Viktor Arvidsson.
16:11 of 3rd period - Goal by Viktor Arvidsson - Chicago Black Hawks : 2 - Minnesota North Stars : 3.
16:12 of 3rd period - Phillip Danault wins face-off versus Adam Lowry in neutral zone.
16:15 of 3rd period - Slapshot by Bryan Rust.
16:15 of 3rd period - Shot Blocked by Gustav Forsling.
16:27 of 3rd period - Slapshot by Gustav Nyquist.
16:27 of 3rd period - Goal by Gustav Nyquist - Chicago Black Hawks : 2 - Minnesota North Stars : 4.
16:28 of 3rd period - Adam Lowry wins face-off versus Phillip Danault in neutral zone.
16:57 of 3rd period - Neal Pionk is hit by Rasmus Andersson.
17:13 of 3rd period - Slapshot by Brent Burns.
17:13 of 3rd period - Shot Misses the Net.
17:42 of 3rd period - Wrist shot by Matthew Tkachuk.
17:42 of 3rd period - Stopped by Brian Elliott with a rebound.
17:44 of 3rd period - Wrist shot by Travis Konecny.
17:44 of 3rd period - Shot Hit the Post.
18:40 of 3rd period - Snap shot by Nikolaj Ehlers.
18:40 of 3rd period - Shot Blocked by Jonathan Toews.
18:42 of 3rd period - Snap shot by Pius Suter.
18:42 of 3rd period - Stopped by Brian Elliott without a rebound.
18:43 of 3rd period - Adam Lowry wins face-off versus Phillip Danault in Minnesota North Stars zone.
18:43 of 3rd period - Adam Lowry is hit by Nicolas Hague.
19:09 of 3rd period - Lawson Crouse is hit by Nick Holden and loses puck.
19:38 of 3rd period - Snap shot by Travis Konecny.
19:38 of 3rd period - Stopped by Brian Elliott with a rebound.
Goals for this period are 1 for Chicago Black Hawks vs 3 for Minnesota North Stars.
Shots for this period are 9 for Chicago Black Hawks vs 14 for Minnesota North Stars.
Back to the Top